 Dungeon Crawl Stone Soup version 0.29.1-4-g47bece8355 (webtiles) character file.

Game seed: 3323328602408602569

162 FexLirch the Digger (level 6, -3/45 HPs)
             Began as a Meteoran Earth Elementalist on Dec 8, 2022.
             Was a Believer of Wu Jian.
             Slain by Duvessa
             ... wielding a +0 falchion
              (17 damage)
             ... on level 6 of the Dungeon.
             The game lasted 00:12:20 (932 turns).

FexLirch the Digger (Meteoran Earth Elementalist)    Turns: 932, Time: 00:12:21

Health: -3/45      AC:  4    Str:  9    XL:     6   Next: 2%
Magic:  2/11       EV: 12    Int: 19    God:    Wu Jian [**....]
Gold:   108        SH:  0    Dex: 15    Spells: 2/10 levels left

rFire   . . .      SeeInvis .   p - +6 shillelagh "Devastator" {shatter}
rCold   . . .      Faith    .   (no shield)
rNeg    . . .      Spirit   .   r - +1 robe
rPois   .          Reflect  .   o - +0 helmet
rElec   .          Harm     .   (no cloak)
rCorr   .          Rampage  .   (no gloves)
Will    .....                   (no boots)
Stlth   +.........              (no amulet)
HPRegen 0.15/turn               (no ring)
MPRegen 0.12/turn               (no ring)

@: glowing
A: sense surroundings 1, otherworldly, glowing, explore regen
a: Renounce Religion, Wall Jump


You were on level 6 of the Dungeon.
You worshipped Wu Jian.
Wu Jian was pleased with you.
You visited 1 branch of the dungeon, and saw 7 of its levels.

You collected 108 gold pieces.

Inventory:

Hand Weapons
 c - a +0 war axe
 l - a +0 flail
 p - the +6 shillelagh "Devastator" (weapon) {shatter}
   (You found it on level 3 of the Dungeon)

   It releases a powerful concussive burst when it strikes, dealing extra damage
   to the target and all other foes adjacent to them.
Armour
 a - a +0 robe
 o - a +0 helmet (worn)
 r - a +1 robe (worn)
Jewellery
 k - an amulet of guardian spirit
Scrolls
 d - 2 scrolls of noise {unknown}
 e - a scroll of teleportation {unknown}
 f - a scroll of torment {unknown}
 g - a scroll of magic mapping {unknown}
 h - a scroll of identify {unknown}
 j - 2 scrolls of amnesia {unknown}
 n - a scroll of fear {unknown}
Potions
 b - a potion of magic
 i - a potion of attraction {unknown}
 m - 3 potions of curing {unknown}
 q - a potion of might {unknown}


   Skills:
 * Level 3.0 Maces & Flails
 - Level 2.4 Dodging
 - Level 1.4 Stealth
 - Level 2.6 Spellcasting
 - Level 2.3 Conjurations
 - Level 1.2 Transmutations
 - Level 5.9 Earth Magic


You had 2 spell levels left.
You knew the following spells:

 Your Spells              Type           Power      Damage    Failure   Level
a - Sandblast             Erth           50%        2d12      1%          1
b - Passwall              Tmut/Erth      13%        N/A       5%          2
c - Stone Arrow           Conj/Erth      36%        3d9       9%          3
d - Necrotise             Necr           8%         1d4       16%         1
e - Summon Small Mammal   Summ           8%         N/A       16%         1

Your spell library contained the following spells:

 Spells                   Type           Power      Damage    Failure   Level
 Apportation              Tloc           4%         N/A       16%         1
 Ensorcelled Hibernation  Hex/Ice        4%         N/A       24%         2
 Petrify                  Tmut/Erth      16%        N/A       36%         4
 Swiftness                Air            2%         N/A       43%         3


Dungeon Overview and Level Annotations

Branches:
Dungeon (7/15) Zot: 3227   Temple (0/1) D:5

Altars:
Wu Jian

Annotations:
D:6 Duvessa


Innate Abilities, Weirdness & Mutations

You passively map a small area around you.
You are easily found by Zot.
You glow in the dark.
You regain HP and MP as you explore.


Message History

Duvessa goes berserk!
Casting: Stone Arrow (dangerous; 9% risk of failure)
Confirm with . or Enter, or press ? or * to list all spells.
You can't see any susceptible monsters within range! (Use Z to cast anyway.)
Casting: Stone Arrow (dangerous; 9% risk of failure)
Confirm with . or Enter, or press ? or * to list all spells.
Okay, then.
Unknown command.
Unknown command.
There is nothing to wall jump against here.
Duvessa rages.
You see here a +0 dagger of flaming.
Casting: Stone Arrow (dangerous; 9% risk of failure)
Confirm with . or Enter, or press ? or * to list all spells.
Aiming: Stone Arrow (dangerous; 9% risk of failure)
Press: ? - help, Shift-Dir - straight line, f - Duvessa
Aim: Duvessa, wielding a +0 falchion, wearing a +0 leather armour and carrying a wand of flame (19) (berserk, 72% to hit)
The stone arrow hits Duvessa!!
Duvessa is moderately wounded.
Casting: Stone Arrow (dangerous; 9% risk of failure)
Confirm with . or Enter, or press ? or * to list all spells.
Aiming: Stone Arrow (dangerous; 9% risk of failure)
Press: ? - help, Shift-Dir - straight line, f/p - Duvessa
Aim: Duvessa, wielding a +0 falchion, wearing a +0 leather armour and carrying a wand of flame (19) (moderately wounded, berserk, 72% to hit)
The stone arrow hits Duvessa!
Duvessa is heavily wounded.
You sock Duvessa!
Duvessa shudders.
Duvessa is almost dead. x2
Duvessa hits you with a +0 falchion!
You completely miss Duvessa.
Duvessa is almost dead.
Duvessa hits you with a +0 falchion! x2
Unknown command.
Casting: Stone Arrow (dangerous; 9% risk of failure)
Confirm with . or Enter, or press ? or * to list all spells.
Aiming: Stone Arrow (dangerous; 9% risk of failure)
Press: ? - help, Shift-Dir - straight line, f/p - Duvessa
Aim: Duvessa, wielding a +0 falchion, wearing a +0 leather armour and carrying a wand of flame (19) (almost dead, berserk, 72% to hit)
The stone arrow misses Duvessa.
Duvessa hits you with a +0 falchion!
You die...

*, ... * ,..., *
#.# #.# * #.# ,
#.# * ####.####
#...e...#
*.......
#.##@##.#
#.......# #
#.##.# ....)$.#
, #....#
*.......#
#.####..#
#......###
#.......#
#.#.#.... *
######.##
#.#.#..### * #.#
##.#...)<.# , *
#.# #....).)..#
, *
#.####..#.#..###


You could see Duvessa (berserk).

Vanquished Creatures
  Dowan (D:6)
  4 adders
  3 worms (D:2)
  9 orcs
  5 bats
  2 endoplasms
  3 giant cockroaches (D:2)
  5 goblins
  3 hobgoblins (D:2)
  2 jackals (D:1)
  3 kobolds
  3 quokkas
  7 ball pythons
  3 frilled lizards
  5 rats
58 creatures vanquished.

Vanquished Creatures (collateral kills)
  An orc (D:6)
1 creature vanquished.

Vanquished Creatures (others)
  A plant (D:1)
1 creature vanquished.

Grand Total: 60 creatures vanquished

Notes
Turn   | Place    | Note
-------+----------+-------------------------------------------
     0 | D:1      | FexLirch the Meteoran Earth Elementalist began the quest
                  | for the Orb.
     0 | D:1      | Reached XP level 1. HP: 14/14 MP: 5/5
    53 | D:1      | Reached skill level 4 in Earth Magic
    64 | D:1      | Reached XP level 2. HP: 20/20 MP: 4/6
   178 | D:1      | Learned a level 2 spell: Passwall
   212 | D:1      | Found a faded altar of an unknown god.
   220 | D:1      | Prayed at the altar of an unknown god.
   220 | D:1      | Became a worshipper of the Wu Jian Council
   220 | D:1      | Reached * piety under Wu Jian
   286 | D:2      | Reached XP level 3. HP: 26/26 MP: 6/8
   355 | D:2      | Reached skill level 1 in Conjurations
   387 | D:2      | Reached skill level 5 in Earth Magic
   387 | D:2      | Reached XP level 4. HP: 33/33 MP: 7/9
   399 | D:2      | Learned a level 3 spell: Stone Arrow
   401 | D:2      | Learned a level 1 spell: Necrotise
   403 | D:2      | Learned a level 1 spell: Summon Small Mammal
   474 | D:2      | Reached ** piety under Wu Jian
   594 | D:3      | Reached XP level 5. HP: 38/38 MP: 8/10
   758 | D:3      | Found the +6 shillelagh "Devastator" {shatter}
   825 | D:5      | Entered Level 5 of the Dungeon
   878 | D:6      | Reached skill level 1 in Maces & Flails
   892 | D:7      | Noticed a sky beast
   899 | D:6      | Noticed Dowan
   901 | D:6      | Killed Dowan
   902 | D:6      | Reached XP level 6. HP: 45/45 MP: 4/11
   924 | D:6      | Noticed Duvessa
   932 | D:6      | Slain by Duvessa

Illustrated notes

Levels and vault maps discovered:
D:1:      mrwooster_arrival_arrow, layout_loops_ring, serial_glass,
          glass_columns_a, glass_columns_b,
          shapermc_ecumenical_altar_mp_highgroup, serial_bayou_pond_b,
          nicolae_figureground_sparkle
D:2:      layout_basic, basic_altar, minmay_divided_ellipse, uniq_natasha
D:3:      layout_loops_cross, uniq_terence
D:4:      layout_layer_cave, ebering_ghost_inner_flame
D:5:      layout_gridville, fedhas_altar_3,
          chequers_temple_overflow_statue_of_worship,
          minmay_temple_entry_statues_fountains, minmay_misc_feat_alley,
          hellmonk_bongcloud_opening, minmay_starry_boxes, uniq_edmund
D:6:      layout_loops_cross, kennysheep_nondescript, uniq_duvessa, uniq_maggie,
          uniq_pikel
D:7:      layout_loops_ring, lemuel_doored_altar, makhleb_grotto_becter,
          enter_bailey_8, grunt_ministairs_3, minmay_crystal_room,
          chequers_serial_rivers_room_a

Skill      XL: |  1  2  3  4  5 |
---------------+----------------+-----
Earth Magic    | 4 5 |  5.9
Conjurations   | 1 2 |  2.3
Maces & Flails | 3 |  3.0
Dodging        | |  2.4
Stealth        | |  1.4
Spellcasting   | |  2.6
Transmutations | |  1.2

Action                   |  1- 3 |  4- 6 || total
-------------------------+-------+-------++-------
Melee: War axe           |     8 |     3 ||    11
       Punch             |     2 |       ||     2
       Flail             |       |     2 ||     2
       Shillelagh        |       |     2 ||     2
 Cast: Sandblast         |    26 |    41 ||    67
       Passwall          |       |     2 ||     2
       Necrotise         |       |     4 ||     4
       Stone Arrow       |       |     5 ||     5
       Summon Small Mamm |       |     2 ||     2
Invok: Whirlwind         |       |     1 ||     1
 Abil: Wall Jump         |       |     1 ||     1
 Stab: Sleeping          |       |     2 ||     2
Armor: Robe              |     6 |     5 ||    11
Dodge: Dodged            |     8 |    15 ||    23
